 Dungeon Crawl Stone Soup version 0.31-a0-229-g1fc7ce93e2 (webtiles) character file.

Game seed: 11806845109613462284

153 Nietzsche the Covered (level 4, -1/38 HPs)
             Began as a Demigod Fighter on July 6, 2023.
             Slain by Sigmund
             ... wielding a +0 scythe
              (3 damage)
             ... on level 3 of the Dungeon.
             The game lasted 00:06:58 (2666 turns).

Nietzsche the Covered (Demigod Fighter)             Turns: 2666, Time: 00:06:59

Health: -1/38      AC:  8    Str: 14 (17) XL:     4   Next: 88%
Magic:  9/9        EV:  9    Int: 11 (14) God:
Gold:   161        SH:  0    Dex: 10 (13) Spells: 6/6 levels left

rFire   + . .        a - +0 flail
rCold   + . .        (no shield)
rNeg    . . .        b - +0 scale mail
rPois   +            (no helmet)
rElec   +            p - +0 cloak
rCorr   +            (no gloves)
SInv    .            (no boots)
Will    +....        (no amulet) Stlth
                     (no ring)
HPRegen 0.26/turn    (no ring)
MPRegen 0.11/turn

%: no passive effects
@: mighty, brilliant, resistant, enlightened, flying
A: high MP 1, forlorn, divine attributes
a: no special abilities


You were on level 3 of the Dungeon.
You visited 1 branch of the dungeon, and saw 3 of its levels.

You collected 161 gold pieces.

Inventory:

Hand Weapons
 a - a +0 flail (weapon)
 h - a +1 whip of pain
Armour
 b - a +0 scale mail (worn)
 c - a +0 buckler
 i - a scarf of resistance
 p - a +0 cloak (worn)
Scrolls
 f - a scroll of brand weapon {unknown}
 g - a scroll of poison {unknown}
 j - a scroll of fog {unknown}
 l - a scroll of vulnerability {unknown}
 m - a scroll of identify {unknown}
 q - a scroll of fear {unknown}
Potions
 k - 3 potions of degeneration
 r - a potion of resistance


   Skills:
 + Level 3.2 Fighting
 + Level 3.3 Maces & Flails
 + Level 3.3 Armour
 + Level 0.2 Dodging
 + Level 0.1 Stealth
 - Level 2.6 Shields
 * Level 1.7 Spellcasting


You had 6 spell levels left.
You didn't know any spells.
Your spell library contained the following spells:

 Spells                   Type           Power      Damage    Failure   Level
 Cigotuvi's Dreadful Rot  Necr/Pois/Air  2%         N/A       88%         2
 Dispel Undead            Necr           1%         3d6       100%        4
 Death Channel            Necr           0%         N/A       100%        6


Dungeon Overview and Level Annotations

Branches:
Dungeon (3/15)

Shops:
D:1 *=[

Annotations:
D:3 Sigmund


Innate Abilities, Weirdness & Mutations

You have an increased reservoir of magic. (+10% MP)
You shall have no god before yourself.
Your divine heritage dramatically boosts your attributes as you level up.


Message History

Something hits you but does no damage.
It was a potion of degeneration.
There was something very wrong with that liquid.
You feel weakened.
You feel dopey.
You feel clumsy. Something hits you!
* * * LOW HITPOINT WARNING * * *
It was a potion of resistance.
You feel protected.
You feel less confused.
A puff of flame appears from out of thin air!
The puff of flame hits you. You resist.
* * * LOW HITPOINT WARNING * * *
It was a potion of brilliance.
You feel clever all of a sudden.
A puff of flame appears from out of thin air!
The puff of flame hits you. You resist.
* * * LOW HITPOINT WARNING * * *
It was a potion of enlightenment.
You feel very buoyant.
You fly up into the air.
It was a potion of ambrosia.
You are confused.
You feel invigorated.
You hear some strange, mumbled words.
A puff of flame appears from out of thin air!
The puff of flame misses you.
You feel very mighty all of a sudden. Something hits you but does no damage.
Something hits you but does no damage.
You barely miss something.
You feel less invigorated.
You feel less confused.
You barely miss something. Something hits you.
You barely miss something. Something hits you.
You miss something. Something hits you!
* * * LOW HITPOINT WARNING * * *
You barely miss something. Something hits you.
* * * LOW HITPOINT WARNING * * *
You miss something. You miss something. Something hits you.
You die...

##....# ##.###.
########.###.# #.....
.........# #.# #####.
########.###.# #..
##...## ##.. #...#
##... ######)..###
##...# ........†...#
##....#
##..#...{@..#####
##....## #
#...........# #....##.
##...........##...##..
#....#####..##..##...
#.##.# ###..##.##....
... ... ... ###....#
###.#### #.. #......
#..###...###
#........#


There were no monsters in sight!

Vanquished Creatures
  Terence (D:3)
  A gnoll (D:1)
  2 adders (D:2)
  2 worms (D:2)
  4 dart slugs
  2 orcs (D:3)
  6 endoplasms
  6 giant cockroaches
  6 goblins
  12 hobgoblins
  6 kobolds
  8 quokkas
  5 ball pythons
  8 bats
  4 frilled lizards
  7 rats
80 creatures vanquished.

Notes
Turn   | Place    | Note
-------+----------+-------------------------------------------
     0 | D:1      | Nietzsche the Demigod Fighter began the quest for the Orb.
     0 | D:1      | Reached XP level 1. HP: 18/18 MP: 3/3
    43 | D:1      | Reached XP level 2. HP: 25/25 MP: 4/4
    55 | D:1      | Found Huinwub's Jewellery Shop.
    88 | D:1      | Found Uzot's Antique Armour Shoppe.
   335 | D:1      | Reached XP level 3. HP: 11/31 MP: 6/6
   482 | D:1      | Found Ohuoguu's General Store.
   487 | D:1      | Reached skill level 1 in Spellcasting
  1526 | D:2      | Reached XP level 4. HP: 21/38 MP: 8/8
  2367 | D:3      | Noticed Terence
  2378 | D:3      | Killed Terence
  2405 | D:3      | Noticed a +0 hand axe
  2405 | D:3      | Noticed a +0 hand axe
  2632 | D:3      | Noticed Sigmund
  2664 | D:3      | HP: 1/38 [something (6)]
  2666 | D:3      | Slain by Sigmund

Illustrated notes

Levels and vault maps discovered:
D:1:      lordsloth_arrival_two_stooges, layout_basic, serial_shops, shop,
          nicolae_diamond_shop, shop, nicolae_ecumenical_snake_handling
D:2:      cheibrodos_helix_gallery, layout_basic, st_stairs_13,
          roderic_lattice_a
D:3:      layout_loops_ring, nicolae_dithmenos_the_darkroom,
          dancing_weapons_uskayaw, nrook_mini_backslash, uniq_sigmund,
          uniq_terence

Skill      XL: |  1  2  3  4 |
---------------+-------------+-----
Fighting       | 3 |  3.2
Maces & Flails | 2 3 |  3.3
Armour         | 3 |  3.3
Spellcasting   | 1 |  1.7
Dodging        | |  0.2
Stealth        | |  0.1
Shields        | |  2.6

Action                     |  1- 3 |  4- 6 || total
---------------------------+-------+-------++-------
  Melee: Flail             |   100 |   108 ||   208
         Whip              |    46 |       ||    46
    Use: Potion            |       |     6 ||     6
 Armour: Scale mail        |    61 |    77 ||   138
  Dodge: Dodged            |    61 |    60 ||   121
  Block: Buckler           |    37 |       ||    37

Table legend: (Time is in decaauts)
 A = Elapsed time spent in this place.
 B = Non-inter-level travel time spent in this place.
 C = Inter-level travel time spent in this place.
 D = Time resting spent in this place.
 E = Time spent auto-exploring this place.
 F = Levels seen in this place.
 G = Mean time per level.
                   A        B        C        D        E       F      G
               +--------+--------+--------+--------+--------+-----+--------+
         Total |   2724 |   2705 |     19 |      0 |   1950 |   3 |  908.0 |
       Dungeon |   2724 |   2705 |     19 |      0 |   1950 |   3 |  908.0 |
               +--------+--------+--------+--------+--------+-----+--------+

Top non-repeatable levels by time:
     D:2: 1287 daAuts
     D:1: 947 daAuts
     D:3: 489 daAuts
